Workbook

Sheet Entree_SWOT
A1: Tableau d'entree SWOT — pondérations, notes et actions
A2: ID | B2: Type | C2: Intitulé | D2: Poids | E2: Note (1–5) | F2: Impact (Poids×Note) | G2: Thème | H2: Propriétaire | I2: Échéance | J2: Statut | K2: Impact_S | L2: Impact_W | M2: Impact_O | N2: Impact_T
A3: S1 | B3: S | C3: Image de marque forte sur le segment B2B | D3: 0.1 | E3: 5 | F3: =D3*E3 -> 0 | G3: Process | H3: Finance | I3: 2025-09-27 | J3: En cours | K3: =IF($B3="S",$F3,0) -> 0 | L3: =IF($B3="W",$F3,0) -> 0 | M3: =IF($B3="O",$F3,0) -> 0 | N3: =IF($B3="T",$F3,0) -> 0
A4: S2 | B4: S | C4: Taux de satisfaction client > 90% | D4: 0.25 | E4: 3 | F4: =D4*E4 -> 0 | G4: Marché | H4: Equipe Ops | I4: 2025-09-27 | J4: À faire | K4: =IF($B4="S",$F4,0) -> 0 | L4: =IF($B4="W",$F4,0) -> 0 | M4: =IF($B4="O",$F4,0) -> 0 | N4: =IF($B4="T",$F4,0) -> 0
A5: S3 | B5: S | C5: Équipe technique expérimentée | D5: 0.05 | E5: 3 | F5: =D5*E5 -> 0 | G5: Process | H5: RH | I5: 2025-09-27 | J5: À faire | K5: =IF($B5="S",$F5,0) -> 0 | L5: =IF($B5="W",$F5,0) -> 0 | M5: =IF($B5="O",$F5,0) -> 0 | N5: =IF($B5="T",$F5,0) -> 0
A6: S4 | B6: S | C6: Processus de production stable | D6: 0.15 | E6: 2 | F6: =D6*E6 -> 0 | G6: Produit | H6: Marketing | I6: 2025-09-27 | J6: En cours | K6: =IF($B6="S",$F6,0) -> 0 | L6: =IF($B6="W",$F6,0) -> 0 | M6: =IF($B6="O",$F6,0) -> 0 | N6: =IF($B6="T",$F6,0) -> 0
A7: S5 | B7: S | C7: Base clients fidèle et active | D7: 0.25 | E7: 3 | F7: =D7*E7 -> 0 | G7: Marque | H7: Equipe Ops | I7: 2025-09-12 | J7: En cours | K7: =IF($B7="S",$F7,0) -> 0 | L7: =IF($B7="W",$F7,0) -> 0 | M7: =IF($B7="O",$F7,0) -> 0 | N7: =IF($B7="T",$F7,0) -> 0
A8: S6 | B8: S | C8: Partenariats solides avec fournisseurs clés | D8: 0.2 | E8: 4 | F8: =D8*E8 -> 0 | G8: Marque | H8: Marketing | I8: 2025-10-12 | J8: À faire | K8: =IF($B8="S",$F8,0) -> 0 | L8: =IF($B8="W",$F8,0) -> 0 | M8: =IF($B8="O",$F8,0) -> 0 | N8: =IF($B8="T",$F8,0) -> 0
A9: S7 | B9: S | C9: Coûts logistiques optimisés | D9: 0.3 | E9: 5 | F9: =D9*E9 -> 0 | G9: Process | H9: Finance | I9: 2025-10-12 | J9: En cours | K9: =IF($B9="S",$F9,0) -> 0 | L9: =IF($B9="W",$F9,0) -> 0 | M9: =IF($B9="O",$F9,0) -> 0 | N9: =IF($B9="T",$F9,0) -> 0
A10: S8 | B10: S | C10: Certification ISO 9001 maintenue | D10: 0.2 | E10: 4 | F10: =D10*E10 -> 0 | G10: Produit | H10: Finance | I10: 2025-09-12 | J10: En cours | K10: =IF($B10="S",$F10,0) -> 0 | L10: =IF($B10="W",$F10,0) -> 0 | M10: =IF($B10="O",$F10,0) -> 0 | N10: =IF($B10="T",$F10,0) -> 0
A11: W1 | B11: W | C11: Faible notoriété en B2C | D11: 0.05 | E11: 2 | F11: =D11*E11 -> 0 | G11: Process | H11: Finance | I11: 2025-09-12 | J11: En cours | K11: =IF($B11="S",$F11,0) -> 0 | L11: =IF($B11="W",$F11,0) -> 0 | M11: =IF($B11="O",$F11,0) -> 0 | N11: =IF($B11="T",$F11,0) -> 0
A12: W2 | B12: W | C12: Dépendance à 2 gros clients | D12: 0.3 | E12: 5 | F12: =D12*E12 -> 0 | G12: Marché | H12: Finance | I12: 2025-10-27 | J12: En cours | K12: =IF($B12="S",$F12,0) -> 0 | L12: =IF($B12="W",$F12,0) -> 0 | M12: =IF($B12="O",$F12,0) -> 0 | N12: =IF($B12="T",$F12,0) -> 0
A13: W3 | B13: W | C13: Manque d’automatisation sur ligne 2 | D13: 0.05 | E13: 5 | F13: =D13*E13 -> 0 | G13: Process | H13: Equipe Qualité | I13: 2025-09-12 | J13: À faire | K13: =IF($B13="S",$F13,0) -> 0 | L13: =IF($B13="W",$F13,0) -> 0 | M13: =IF($B13="O",$F13,0) -> 0 | N13: =IF($B13="T",$F13,0) -> 0
A14: W4 | B14: W | C14: Retards fréquents sur nouveaux lancements | D14: 0.15 | E14: 2 | F14: =D14*E14 -> 0 | G14: Marque | H14: Equipe Qualité | I14: 2025-09-27 | J14: Fait | K14: =IF($B14="S",$F14,0) -> 0 | L14: =IF($B14="W",$F14,0) -> 0 | M14: =IF($B14="O",$F14,0) -> 0 | N14: =IF($B14="T",$F14,0) -> 0
... A34: T8 | B34: T | C34: Obsolescence technologique rapide | D34: 0.15 | E34: 4 | F34: =D34*E34 -> 0 | G34: Marque | H34: Equipe Qualité | I34: 2025-10-27 | J34: En cours | K34: =IF($B34="S",$F34,0) -> 0 | L34: =IF($B34="W",$F34,0) -> 0 | M34: =IF($B34="O",$F34,0) -> 0 | N34: =IF($B34="T",$F34,0) -> 0

Sheet Matrice
A1: Matrice SWOT dynamique — Top éléments par impact
A3: FORCES (S) | E3: FAIBLESSES (W)
A4: Intitulé | B4: Impact | E4: Intitulé | F4: Impact
A5: {=_xlfn.SORTBY(_xlfn._xlws.FILTER('Entree_SWOT'!$C$3:$C$500, 'Entree_SWOT'!$B$3:$B$500="S"), _xlfn._xlws.FILTER('Entree_SWOT'!$F$3:$F$500, 'Entree_SWOT'!$B$3:$B$500="S"), -1)} -> 0 | B5: {=_xlfn.SORTBY(_xlfn._xlws.FILTER('Entree_SWOT'!$F$3:$F$500, 'Entree_SWOT'!$B$3:$B$500="S"), _xlfn._xlws.FILTER('Entree_SWOT'!$F$3:$F$500, 'Entree_SWOT'!$B$3:$B$500="S"), -1)} -> 0 | E5: {=_xlfn.SORTBY(_xlfn._xlws.FILTER('Entree_SWOT'!$C$3:$C$500, 'Entree_SWOT'!$B$3:$B$500="W"), _xlfn._xlws.FILTER('Entree_SWOT'!$F$3:$F$500, 'Entree_SWOT'!$B$3:$B$500="W"), -1)} -> 0 | F5: {=_xlfn.SORTBY(_xlfn._xlws.FILTER('Entree_SWOT'!$F$3:$F$500, 'Entree_SWOT'!$B$3:$B$500="W"), _xlfn._xlws.FILTER('Entree_SWOT'!$F$3:$F$500, 'Entree_SWOT'!$B$3:$B$500="W"), -1)} -> 0
A20: OPPORTUNITÉS (O) | E20: MENACES (T)
A21: Intitulé | B21: Impact | E21: Intitulé | F21: Impact
A22: {=_xlfn.SORTBY(_xlfn._xlws.FILTER('Entree_SWOT'!$C$3:$C$500, 'Entree_SWOT'!$B$3:$B$500="O"), _xlfn._xlws.FILTER('Entree_SWOT'!$F$3:$F$500, 'Entree_SWOT'!$B$3:$B$500="O"), -1)} -> 0 | B22: {=_xlfn.SORTBY(_xlfn._xlws.FILTER('Entree_SWOT'!$F$3:$F$500, 'Entree_SWOT'!$B$3:$B$500="O"), _xlfn._xlws.FILTER('Entree_SWOT'!$F$3:$F$500, 'Entree_SWOT'!$B$3:$B$500="O"), -1)} -> 0 | E22: {=_xlfn.SORTBY(_xlfn._xlws.FILTER('Entree_SWOT'!$C$3:$C$500, 'Entree_SWOT'!$B$3:$B$500="T"), _xlfn._xlws.FILTER('Entree_SWOT'!$F$3:$F$500, 'Entree_SWOT'!$B$3:$B$500="T"), -1)} -> 0 | F22: {=_xlfn.SORTBY(_xlfn._xlws.FILTER('Entree_SWOT'!$F$3:$F$500, 'Entree_SWOT'!$B$3:$B$500="T"), _xlfn._xlws.FILTER('Entree_SWOT'!$F$3:$F$500, 'Entree_SWOT'!$B$3:$B$500="T"), -1)} -> 0

Sheet Dashboard
A1: SWOT Dashboard — Indicateurs et Visualisations
A3: Forces (S) | C3: Faiblesses (W) | E3: Opportunités (O) | G3: Menaces (T)
A4: =SUM('Entree_SWOT'!$K$3:$K$500) -> 0 | C4: =SUM('Entree_SWOT'!$L$3:$L$500) -> 0 | E4: =SUM('Entree_SWOT'!$M$3:$M$500) -> 0 | G4: =SUM('Entree_SWOT'!$N$3:$N$500) -> 0
A5: Somme d'impact | C5: Somme d'impact | E5: Somme d'impact | G5: Somme d'impact
A8: Indice Interne (S − W) | B8: =A4-C4 -> 0 | E8: Indice Externe (O − T) | F8: =E4-G4 -> 0
A10: Posture stratégique | B10: =IF(AND(B8>=0,F8>=0),"Offensive",IF(AND(B8>=0,F8<0),"Défensive",IF(AND(B8<0,F8>=0),"Corrective","Survie"))) -> 0
A13: Top priorités (toutes catégories)
A14: Intitulé | B14: Impact
A15: {=_xlfn.SORTBY(_xlfn._xlws.FILTER('Entree_SWOT'!$C$3:$C$500, 'Entree_SWOT'!$C$3:$C$500<>""), _xlfn._xlws.FILTER('Entree_SWOT'!$F$3:$F$500, 'Entree_SWOT'!$C$3:$C$500<>""), -1)} -> 0 | B15: {=_xlfn.SORTBY(_xlfn._xlws.FILTER('Entree_SWOT'!$F$3:$F$500, 'Entree_SWOT'!$C$3:$C$500<>""), _xlfn._xlws.FILTER('Entree_SWOT'!$F$3:$F$500, 'Entree_SWOT'!$C$3:$C$500<>""), -1)} -> 0
A26: Répartition Impacts S/W/O/T | G26: Carte Quadrants
A27: S | B27: W | C27: O | D27: T | G27: X (Externe) | H27: Y (Interne)
A28: =A4 -> 0 | B28: =C4 -> 0 | C28: =E4 -> 0 | D28: =G4 -> 0 | G28: =F8 -> 0 | H28: =B8 -> 0
G30: Axis X (x1..x2)
G31: -Max | H31: 0 | I31: Max
G32: =-(MAX(ABS(A4),ABS(C4),ABS(E4),ABS(G4))) -> 0 | H32: 0 | I32: =(MAX(ABS(A4),ABS(C4),ABS(E4),ABS(G4))) -> 0
G34: Axis Y (y1..y2)
G35: 0 | H35: =-(MAX(ABS(A4),ABS(C4),ABS(E4),ABS(G4))) -> 0
G36: 0 | H36: 0
G37: 0 | H37: =(MAX(ABS(A4),ABS(C4),ABS(E4),ABS(G4))) -> 0

Sheet TopN_Compat
A1: Top 10 priorités (compatibilité sans FILTER/SORTBY)
A3: Rang | B3: Impact | C3: Intitulé
A4: 1 | B4: =LARGE('Entree_SWOT'!$F$3:$F$500, A4) -> 0 | C4: =INDEX('Entree_SWOT'!$C$3:$C$500, MATCH(B4, 'Entree_SWOT'!$F$3:$F$500, 0)) -> 0
A5: 2 | B5: =LARGE('Entree_SWOT'!$F$3:$F$500, A5) -> 0 | C5: =INDEX('Entree_SWOT'!$C$3:$C$500, MATCH(B5, 'Entree_SWOT'!$F$3:$F$500, 0)) -> 0
A6: 3 | B6: =LARGE('Entree_SWOT'!$F$3:$F$500, A6) -> 0 | C6: =INDEX('Entree_SWOT'!$C$3:$C$500, MATCH(B6, 'Entree_SWOT'!$F$3:$F$500, 0)) -> 0
A7: 4 | B7: =LARGE('Entree_SWOT'!$F$3:$F$500, A7) -> 0 | C7: =INDEX('Entree_SWOT'!$C$3:$C$500, MATCH(B7, 'Entree_SWOT'!$F$3:$F$500, 0)) -> 0
A8: 5 | B8: =LARGE('Entree_SWOT'!$F$3:$F$500, A8) -> 0 | C8: =INDEX('Entree_SWOT'!$C$3:$C$500, MATCH(B8, 'Entree_SWOT'!$F$3:$F$500, 0)) -> 0
A9: 6 | B9: =LARGE('Entree_SWOT'!$F$3:$F$500, A9) -> 0 | C9: =INDEX('Entree_SWOT'!$C$3:$C$500, MATCH(B9, 'Entree_SWOT'!$F$3:$F$500, 0)) -> 0
A10: 7 | B10: =LARGE('Entree_SWOT'!$F$3:$F$500, A10) -> 0 | C10: =INDEX('Entree_SWOT'!$C$3:$C$500, MATCH(B10, 'Entree_SWOT'!$F$3:$F$500, 0)) -> 0
A11: 8 | B11: =LARGE('Entree_SWOT'!$F$3:$F$500, A11) -> 0 | C11: =INDEX('Entree_SWOT'!$C$3:$C$500, MATCH(B11, 'Entree_SWOT'!$F$3:$F$500, 0)) -> 0
A12: 9 | B12: =LARGE('Entree_SWOT'!$F$3:$F$500, A12) -> 0 | C12: =INDEX('Entree_SWOT'!$C$3:$C$500, MATCH(B12, 'Entree_SWOT'!$F$3:$F$500, 0)) -> 0
A13: 10 | B13: =LARGE('Entree_SWOT'!$F$3:$F$500, A13) -> 0 | C13: =INDEX('Entree_SWOT'!$C$3:$C$500, MATCH(B13, 'Entree_SWOT'!$F$3:$F$500, 0)) -> 0

Sheet Mode_d_emploi
A1: Si vous voyez #VALEUR! :
A2: • Utilisez la nouvelle version (feuilles renommées ASCII, formules citées).
A3: • Poids et Note doivent être numériques (pas de texte).
A4: • En cas d’Excel 2016/2019, utilisez l’onglet TopN_Compat pour le classement.
A6: Ce classeur inclut version dynamique (Matrice/Dashboard) et version compatible (TopN_Compat).
